 Dungeon Crawl Stone Soup version 0.29-a0-923-g6e406bff71 (webtiles) character file.

Game seed: 13543552353843498386

32 Newt the Ruffian (level 3, -8/27 HPs)
             Began as a Demonspawn Gladiator on July 27, 2022.
             Was an Initiate of Ashenzari.
             Mangled by a gnoll
             ... wielding a +0 spear
              (9 damage)
             ... on level 2 of the Dungeon.
             The game lasted 00:02:16 (868 turns).

Newt the Ruffian (Demonspawn Gladiator)              Turns: 868, Time: 00:02:17

Health: -8/27      AC:  5    Str: 14 (16) XL:     3   Next: 10%
Magic:  3/3        EV: 12    Int:  8 (9)  God:    Ashenzari [......]
Gold:   22         SH:  0    Dex: 11 (14) Spells: 2/2 levels left

rFire   . . .      SeeInvis .     - Unarmed
rCold   . . .      Faith    .   (no shield)
rNeg    . . .      Spirit   .   a - +0 leather armour
rPois   .          Reflect  .   b - +1 helmet
rElec   .          Harm     .   (no cloak)
rCorr   .          Rampage  .   (no gloves)
Will    .....                   (no boots)
Stlth   +.........              (no amulet)
HPRegen 0.09/turn               (no ring)
MPRegen 0.08/turn               (no ring)

@: no status effects
A: spiny 1
a: Renounce Religion, Curse Item


You were on level 2 of the Dungeon.
You worshipped Ashenzari.
Ashenzari was noncommittal.
You visited 1 branch of the dungeon, and saw 2 of its levels.

You collected 22 gold pieces.

Inventory:

Missiles
 c - 3 throwing nets (quivered)
 d - a javelin
 k - 5 poisoned darts
Armour
 a - a +0 leather armour (worn)
 b - a +1 helmet (worn)
Jewellery
 g - a ring of magical power
Scrolls
 e - a scroll of identify


   Skills:
 + Level 2.1 Fighting
 + Level 1.8 Throwing
 + Level 0.1 Armour
 + Level 3.2 Dodging
 + Level 3.3 Unarmed Combat


You had 2 spell levels left.
You didn't know any spells.
Your spell library contained the following spells:

 Spells                   Type           Power      Damage    Failure   Level
 Sting                    Tmut/Pois      0%         1d3       50%         1
 Tukima's Dance           Hex            0%         N/A       86%         3
 Passage of Golubria      Tloc           0%         N/A       99%         4
 Yara's Violent Unravell  Hex/Tmut       0%         3d3       100%        5


Dungeon Overview and Level Annotations

Branches:
Dungeon (2/15)

Altars:
Ashenzari
Dithmenos


Innate Abilities, Weirdness & Mutations

You are partially covered in sharp spines.


Message History

The quokka bites you but does no damage.
The gnoll hits you with a +0 club. The gnoll is struck by your spines.
The gnoll hits you but does no damage. The gnoll completely misses you.
It was a potion of degeneration.
There was something very wrong with that liquid.
You feel weakened.
You feel dopey.
You feel clumsy. The quokka is struck by your spines.
You kill the quokka!
The gnoll hits you with a +0 spear. The gnoll is struck by your spines.
The gnoll hits you with a +0 spear. The gnoll closely misses you.
It was a potion of curing.
You feel better. The gnoll hits you but does no damage.
The gnoll is struck by your spines. The gnoll hits you but does no damage.
The gnoll is struck by your spines. The gnoll closely misses you.
You closely miss the gnoll.
The gnoll is moderately wounded.
The gnoll is struck by your spines. The gnoll hits you with a +0 spear.
The gnoll is struck by your spines. The gnoll misses you.
The gnoll hits you with a +0 spear!
You hit the gnoll.
The gnoll is heavily wounded.
You hit the gnoll. You punch the gnoll.
The gnoll is almost dead.
The gnoll barely misses you. x2; The gnoll hits you with a +0 spear.
You hit the gnoll.
You kill the gnoll!
The gnoll is struck by your spines. The gnoll hits you with a +0 spear.
* * * LOW HITPOINT WARNING * * *
The gnoll hits you with a +0 club.
* * * LOW HITPOINT WARNING * * *
You have reached level 3!
Your experience leads to an increase in your attributes!
Your base attributes are Str 14, Int 9, Dex 14.
Increase (S)trength, (I)ntelligence, or (D)exterity?
You feel stronger. x2
Really read the scroll of torment?
As you read the scroll of torment, it crumbles to dust.
You feel a surge of unholy energy.
The gnoll convulses! x2
The gnoll is struck by your spines. The gnoll hits you with a +0 spear!
You die...

#########
#.....g.#
#.....@)#
#....g..#
#.......#
#?......#
#.......#
#...?...#
#.._....#
#.......#


You could see 2 gnolls.

Vanquished Creatures
  A gnoll (D:2)
  An endoplasm (D:1)
  2 giant cockroaches (D:1)
  2 goblins (D:1)
  3 hobgoblins (D:1)
  A quokka (D:2)
  2 ball pythons (D:1)
  4 bats (D:1)
  2 frilled lizards (D:1)
  2 kobolds (D:1)
  3 rats (D:1)
23 creatures vanquished.

Notes
Turn   | Place    | Note
-------+----------+-------------------------------------------
     0 | D:1      | Newt the Demonspawn Gladiator began the quest for the Orb.
     0 | D:1      | Reached XP level 1. HP: 16/16 MP: 1/1
   127 | D:1      | Found a faded altar of an unknown god.
   152 | D:1      | Got Plato's Folio of Poison
   153 | D:1      | Prayed at the altar of an unknown god.
   153 | D:1      | Became a worshipper of Ashenzari the Shackled
   390 | D:1      | Gained mutation: You are partially covered in sharp spines.
                  | [demonic ancestry]
   390 | D:1      | Reached XP level 2. HP: 22/22 MP: 2/2
   859 | D:2      | Found a shadowy altar of Dithmenos.
   867 | D:2      | HP: 1/22 [gnoll/+0 club (4)]
   868 | D:2      | Reached XP level 3. HP: 1/27 MP: 3/3
   868 | D:2      | Mangled by a gnoll

Illustrated notes

Levels and vault maps discovered:
D:1:      nzn_arrival_water_spiral, layout_loops_ring,
          shapermc_ecumenical_altar_rom_forum,
          nicolae_concentric_dashed_squares_wild
D:2:      layout_basic, basic_altar, minmay_misc_feat_square,
          chequers_mini_garden, uniq_robin, uniq_terence

Skill      XL: |  1  2 |
---------------+-------+-----
Unarmed Combat | 3 |  3.3
Dodging        | 3 |  3.2
Fighting       | |  2.1
Throwing       | |  1.8
Armour         | |  0.1

Action                   || total
-------------------------++-------
Melee: Unarmed           ||    55
       Punch             ||     1
  Use: Scroll            ||     3
       Potion            ||     2
 Stab: Sleeping          ||     1
Armor: Leather armour    ||    19
Dodge: Dodged            ||    28

Table legend: (Time is in decaauts)
 A = Elapsed time spent in this place.
 B = Non-inter-level travel time spent in this place.
 C = Inter-level travel time spent in this place.
 D = Time resting spent in this place.
 E = Time spent auto-exploring this place.
 F = Levels seen in this place.
 G = Mean time per level.
                   A        B        C        D        E       F      G
               +--------+--------+--------+--------+--------+-----+--------+
         Total |    870 |    847 |     23 |      0 |    687 |   2 |  435.0 |
       Dungeon |    870 |    847 |     23 |      0 |    687 |   2 |  435.0 |
               +--------+--------+--------+--------+--------+-----+--------+

Top non-repeatable levels by time:
     D:1: 862 daAuts
     D:2: 8 daAuts
